 Dungeon Crawl Stone Soup version 0.29-a0-1027-gcd8c55af63 (webtiles) character file.

Game seed: 2605531710336440877

201 quixfox the Conjurer (level 5, 35/35 HPs)
             Began as a Demonspawn Conjurer on Aug 13, 2022.
             Quit the game on level 7 of the Dungeon.
             The game lasted 00:07:07 (4065 turns).

quixfox the Conjurer (Demonspawn Conjurer)          Turns: 4065, Time: 00:07:08

Health: 35/35      AC:  3    Str:  7    XL:     5   Next: 50%
Magic:  11/11      EV: 12    Int: 22    God:
Gold:   119        SH:  0    Dex: 11    Spells: 11/12 levels left

rFire   . . .      SeeInvis .   c - +0 dagger
rCold   . . .      Faith    .   (no shield)
rNeg    . . .      Spirit   .   a - +1 robe
rPois   .          Reflect  .   (helmet restricted)
rElec   .          Harm     .   (no cloak)
rCorr   .          Rampage  .   (no gloves)
Will    .....                   (no boots)
Stlth   ++........              g - amulet of regeneration
HPRegen 0.91/turn               (no ring)
MPRegen 0.12/turn               (no ring)

@: no status effects
A: antennae 1, foul stench 1
a: no special abilities


You were on level 7 of the Dungeon.
You visited 1 branch of the dungeon, and saw 5 of its levels.

You collected 119 gold pieces.

Inventory:

Hand Weapons
 c - a +0 dagger (weapon)
Armour
 a - a +1 robe (worn)
Jewellery
 g - an amulet of regeneration (around neck)
Scrolls
 i - 4 scrolls of teleportation
 n - 2 scrolls of silence
Potions
 b - a potion of magic
 k - a potion of mutation
 m - a potion of attraction
 p - a potion of curing


   Skills:
 - Level 1.7 Dodging
 - Level 1.7 Stealth
 + Level 4.0 Spellcasting
 + Level 5.5 Conjurations


You had 11 spell levels left.
You knew the following spells:

 Your Spells              Type           Power      Damage    Failure   Level
a - Magic Dart            Conj           100%       1d8       1%          1

Your spell library contained the following spells:

 Spells                   Type           Power      Damage    Failure   Level
 Searing Ray              Conj           58%        2d6       1%          2
 Dazzling Flash           Conj/Hex       32%        N/A       11%         3
 Gell's Gravitas          Tloc           4%         N/A       32%         3
 Lesser Beckoning         Tloc           4%         N/A       32%         3
 Teleport Other           Tloc           4%         N/A       32%         3
 Fulminant Prism          Conj/Hex       8%         3d7       34%         4
 Iskenderun's Mystic Bla  Conj/Tloc      16%        2d5       34%         4


Dungeon Overview and Level Annotations

Branches:
Dungeon (4/15)
 Temple: D:4-7

Altars:


Innate Abilities, Weirdness & Mutations

You have a pair of small antennae on your head.
You may rarely emit foul miasma when damaged in melee.


Message History

The black bear claws you.
You emit a cloud of foul miasma!
The black bear closely misses you.
The magic dart hits the black bear.
The black bear is heavily wounded.
The black bear is engulfed in dark miasma.
The black bear is poisoned.
The black bear bites you. The black bear claws you.
The black bear claws you but does no damage.
The magic dart hits the black bear.
The black bear is severely wounded.
The black bear is engulfed in dark miasma.
The black bear looks even sicker.
The black bear seems to slow down.
The black bear shakes off its lethargy.
The black bear goes berserk!
The magic dart hits the black bear.
The black bear is almost dead.
The black bear is engulfed in dark miasma.
The black bear looks even sicker.
The black bear misses you. The black bear closely misses you.
The black bear claws you.
Your magical contamination has completely faded away.
The magic dart hits the black bear.
You kill the black bear!
Your Spellcasting skill increases to level 4!
You have reached level 5!
Your demonic ancestry asserts itself...
A pair of antennae grows on your head!
Your +1 helmet falls away!
You start resting.
HP restored.
You start resting.
Magic restored.
You drop a +1 helmet.
Found 6 boomerangs.
A sourceless malevolence fills the Dungeon...
You fall into a shaft and drop 3 floors!
The shaft crumbles and collapses.
Found 7 stones.
(D) Dungeon
Where to? (Enter - D:4, ? - help)
Okay, then.
Okay, then.
Are you sure you want to abandon this character and quit the game? (Confirm with "yes".) ########### .(.....@..# #########.# #

There were no monsters in sight!

Vanquished Creatures
  A black bear (D:4)
  4 adders
  A worm (D:4)
  A dart slug (D:1)
  An orc (D:3)
  9 ball pythons
  6 bats
  9 endoplasms
  3 giant cockroaches
  6 goblins
  8 hobgoblins
  4 jackals (D:2)
  3 quokkas (D:1)
  2 frilled lizards (D:1)
  4 kobolds
  5 rats
67 creatures vanquished.

Notes
Turn   | Place    | Note
-------+----------+-------------------------------------------
     0 | D:1      | quixfox the Demonspawn Conjurer began the quest for the
                  | Orb.
     0 | D:1      | Reached XP level 1. HP: 13/13 MP: 3/3
   366 | D:1      | Gained mutation: You may rarely emit foul miasma when
                  | damaged in melee. [demonic ancestry]
   366 | D:1      | Reached XP level 2. HP: 18/19 MP: 0/5
  1309 | D:1      | Reached XP level 3. HP: 24/24 MP: 1/7
  2515 | D:2      | Found a faded altar of an unknown god.
  2709 | D:2      | Reached XP level 4. HP: 30/30 MP: 0/8
  3126 | D:2      | Identified the +5 dagger of the Inferno {flame, Fragile
                  | rCorr Int-4 Dex+10}
  3400 | D:3      | Reached skill level 5 in Conjurations
  3944 | D:4      | Noticed a black bear
  3969 | D:4      | Killed a black bear
  3970 | D:4      | Gained mutation: You have a pair of small antennae on your
                  | head. [demonic ancestry]
  3970 | D:4      | Reached XP level 5. HP: 30/35 MP: 1/11
  4064 | D:4      | You fall into a shaft and drop 3 floors!
  4065 | D:7      | Quit the game

Illustrated notes

Levels and vault maps discovered:
D:1:      dpeg_chamrin_arrival_tetris, layout_basic, minmay_pentomino_v2
D:2:      layout_basic, hellmonk_ecumenical_altar_pennies_from_heaven,
          grunt_decor_fettered, minivault_26, corexii_corridor_pit
D:3:      layout_rooms
D:4:      layout_basic, gammafunk_ghost_arena, grunt_ministairs_7, uniq_robin,
          uniq_blork_the_orc
D:7:      layout_loops_ring, minmay_temple_entry_from_below_a

Skill      XL: |  1  2  3  4 |
---------------+-------------+-----
Spellcasting   | 3 4 |  4.0
Conjurations   | 5 |  5.5
Dodging        | |  1.7
Stealth        | |  1.7

Action                   |  1- 3 |  4- 6 || total
-------------------------+-------+-------++-------
Melee: Dagger            |    17 |       ||    17
 Cast: Magic Dart        |    99 |    51 ||   150
  Use: Scroll            |       |    10 ||    10
Armor: Robe              |    11 |     5 ||    16
Dodge: Dodged            |    23 |     6 ||    29

Table legend: (Time is in decaauts)
 A = Elapsed time spent in this place.
 B = Non-inter-level travel time spent in this place.
 C = Inter-level travel time spent in this place.
 D = Time resting spent in this place.
 E = Time spent auto-exploring this place.
 F = Levels seen in this place.
 G = Mean time per level.
                   A        B        C        D        E       F      G
               +--------+--------+--------+--------+--------+-----+--------+
         Total |   4069 |   4011 |     58 |    631 |   2955 |   5 |  813.8 |
       Dungeon |   4069 |   4011 |     58 |    631 |   2955 |   5 |  813.8 |
               +--------+--------+--------+--------+--------+-----+--------+

Top non-repeatable levels by time:
     D:1: 1922 daAuts
     D:2: 1310 daAuts
     D:3: 583 daAuts
     D:4: 252 daAuts
     D:7: 0 daAuts
